 Dungeon Crawl Stone Soup version 0.22-a0-252-gcace5d2 (webtiles) character file.

429 Gorglomux the Skirmisher (level 6, 0/57 HPs)
             Began as a Minotaur Abyssal Knight on Mar 1, 2018.
             Was a Priest of Lugonu.
             Slain by a gnoll
             ... wielding a +0 whip
              (4 damage)
             ... on level 3 of the Dungeon.
             The game lasted 00:02:35 (2383 turns).

Gorglomux the Skirmisher (Minotaur Abyssal Knight)  Turns: 2383, Time: 00:02:35

Health: 0/57       AC: 12    Str: 23    XL:     6   Next: 66%
Magic:  6/6        EV:  7    Int: 14    God:    Lugonu [***...]
Gold:   202        SH:  0    Dex: 10    Spells: 5/5 levels left

rFire    . . .     SeeInvis .   X - +0 war axe (curse)
rCold    . . .     Gourm    .   (no shield)
rNeg     . . .     Faith    .   l - +0 plate armour
rPois    .         Spirit   .   (helmet restricted)
rElec    .         Reflect  .   (no cloak)
rCorr    .         Harm     .   (no gloves)
MR       .....                  (no boots)
Stlth    ..........             (no amulet)
HPRegen  0.19/turn              (no ring)
MPRegen  0.10/turn              (no ring)

@: mighty, brilliant, lethally poisoned (0 -> -56), flying, hasted, glowing,
very quick
A: retaliatory headbutt, horns 2
a: Depart the Abyss, Bend Space, Banish, Renounce Religion


You were on level 3 of the Dungeon.
You worshipped Lugonu.
Lugonu was most pleased with you.
You were not hungry.

You visited 1 branch of the dungeon, and saw 3 of its levels.
You visited the Abyss 1 time.

You collected 202 gold pieces.

Inventory:

Hand Weapons
 X - a cursed +0 war axe (weapon)
Armour
 l - a +0 plate armour (worn)
Scrolls
 d - a scroll of amnesia {unknown}
 e - 4 scrolls of remove curse {unknown}
 j - 4 scrolls of teleportation {unknown}
 k - 2 scrolls of fear {unknown}
 m - 3 scrolls of identify {unknown}
 R - a scroll of noise {unknown}
 U - a scroll of random uselessness {unknown}
 W - a scroll of enchant armour {unknown}
Comestibles
 c - 5 rations


   Skills:
 + Level 6.0 Fighting
 + Level 5.3 Axes
 + Level 5.3 Armour
 - Level 1.1 Dodging
 - Level 1.7 Invocations


You had 5 spell levels left.
You didn't know any spells.

Dungeon Overview and Level Annotations

Branches:
Dungeon (3/15)

Altars:
Dithmenos


Innate Abilities, Weirdness & Mutations

You reflexively headbutt those who attack you in melee.
You have a pair of horns on your head.


Message History

* * * don't die
* * * You feel very sick!
The gnoll hits you from afar with a spear of venom! * * * don't die
* * * The gnoll hits you but does no damage!
It was a potion of flight!
You feel very buoyant!
You fly up into the air! * * * don't die
* * * You feel butt sick!
The gnoll hits you from afar with a halberd of venom! * * * don't die
* * * You are more poisoned!
The gnoll barely misses you! x2
It was a potion of might!
You feel very mighty butt of a sudden! * * * don't die
* * * You feel very sick!
The gnoll hits you with a whip! rip

#........##.# #............##....
#........##.###.#####.###........
#).......##................###...
#........#########.##.##...#.....
#.....[..# #........#............
#........###.###(...#..#...####..
#........#..........#..#.........
#.....####.#.###g#g.#..#.#.#####.
#.#.#.####......@ggg#..#.#.# #.
#.......###.####)##)#)...#.######
###.#.#.# #.# #.#.))............
#.#.#.# #.# #.#g.#.#..#.######
#.#.#.# #.# #.#gg#.#..#.# #
#.#.#.# #.# #.#.g#.#..#.######
#.#+#.###.# #.#..#.#..#.##...)
#.........# #.#.......#.##'###
#....#########.##.#)#.##.#....#


You could see 5 gnolls.

Vanquished Creatures
  The ghost of Autsider the Sneak, an amateur VSAs (D:3)
  2 orc priests (D:3)
  A gnoll shaman (D:3)
  Terence (D:3)
  8 gnolls (D:3)
  5 adders
  2 oozes
  4 worms
  2 leopard geckos
  6 orcs (D:3)
  5 giant cockroaches
  8 goblins
  6 hobgoblins
  25 jackals
  3 quokkas
  3 bats
  5 frilled lizards
  7 kobolds
  7 rats
101 creatures vanquished.

Notes
Turn   | Place    | Note
-------+----------+-------------------------------------------
     0 | Abyss:1  | Gorglomux the Minotaur Abyssal Knight began the quest for the Orb.
     0 | Abyss:1  | Reached XP level 1. HP: 19/19 MP: 1/1
     3 | Abyss:1  | Found a corrupted altar of Lugonu.
    33 | Abyss:1  | Noticed an insubstantial wisp
    34 | D:1      | Escaped the Abyss
    62 | D:1      | Reached XP level 2. HP: 8/27 MP: 2/2
   283 | D:1      | Reached * piety under Lugonu
   433 | D:1      | Reached skill level 4 in Fighting
   437 | D:1      | Reached skill level 3 in Axes
   437 | D:1      | Reached skill level 3 in Armour
   510 | D:1      | Reached XP level 3. HP: 32/33 MP: 3/3
   865 | D:2      | Found a shadowy altar of Dithmenos.
   934 | D:2      | Reached XP level 4. HP: 38/41 MP: 4/4
   944 | D:2      | Reached ** piety under Lugonu
  1530 | D:3      | Reached XP level 5. HP: 39/47 MP: 5/5
  1534 | D:3      | Reached skill level 5 in Fighting
  1572 | D:3      | Reached *** piety under Lugonu
  1616 | D:3      | Noticed Terence
  1624 | D:3      | Killed Terence
  1675 | D:3      | Noticed Autsider's ghost (amateur VSAs)
  1691 | D:3      | Killed Autsider's ghost
  1691 | D:3      | Reached XP level 6. HP: 48/57 MP: 6/6
  2379 | D:3      | Reached skill level 6 in Fighting
  2383 | D:3      | Slain by a gnoll

Vault maps used:
D:1:      saegor_arrival_miasma, minmay_misc_feat_chi
D:2:      grunt_dithmenos_smoke
D:3:      lemuel_castle_with_subvaults, uniq_terence

Skill      XL: |  1  2  3  4  5  6 |
---------------+-------------------+-----
Fighting       | 4 5 6 |  6.0
Axes           | 3 4 5 |  5.3
Armour         | 3 4 5 |  5.3
Dodging        | |  1.1
Invocations    | |  1.7

Action                   |  1- 3 |  4- 6 || total
-------------------------+-------+-------++-------
Melee: Hand axe          |    98 |    80 ||   178
       Headbutt          |    12 |    25 ||    37
       War axe           |       |    90 ||    90
Invok: Depart the Abyss  |     1 |       ||     1
  Use: Potion            |     2 |     6 ||     8
  Eat: Chunk             |       |     5 ||     5
Armor: Leather armour    |     4 |       ||     4
       Plate armour      |    62 |   111 ||   173
Dodge: Dodged            |    36 |    72 ||   108

Table legend:
 A = Spawn XP
 B = Non-spawn XP
 C = Spawn XP percentage of total XP
 D = Spawn monster count
 E = Non-spawn monster count
 F = Spawn count percentage of total count
 G = Total turns spent on level
                    A         B        C        D         E        F      G
               +---------+---------+-------+---------+---------+-------+---------
         Total |       0 |     614 |   0.0 |       0 |     101 |   0.0 |  2383
               +---------+---------+-------+---------+---------+-------+---------
           D:1 |       0 |      44 |   0.0 |       0 |      22 |   0.0 |   577
           D:2 |       0 |      72 |   0.0 |       0 |      19 |   0.0 |   526
           D:3 |       0 |     498 |   0.0 |       0 |      60 |   0.0 |  1246
               +---------+---------+-------+---------+---------+-------+---------
